Map: Frozen Temple

Players

Fropez

  • Race: Protoss Protoss
  • League: Silver
  • Spawn Location: 11:00

NightShade - Winner!

  • Race: Terran Terran
  • League: Silver
  • Spawn Location: 5:00

VOD

Have the link to the VOD?

Description

Time

  • Played on: June 22, 2016, 10:24 a.m.
  • Length: 3:54
Show
View Real Time Build Order
Export as new Build Order

Fropez Protoss 

Build Orders: Oracle Opening 

Get SALT Encoding   

  12  0:02  Probe (Chrono Boost)  
  13  0:15  Pylon  
  13  0:19  Probe (Chrono Boost)  
  14  0:29  Probe (Chrono Boost)  
  15  0:38  Gateway  
  15  0:41  Probe (Chrono Boost)  
  16  0:48  Assimilator  
  16  0:52  Probe (Chrono Boost)  
  17  0:58  Pylon  
  17  1:02  Probe (Chrono Boost)  
  18  1:13  Probe (Chrono Boost)  
  19  1:18  Pylon  
  19  1:23  Probe (Chrono Boost)  
  20  1:38  Cybernetics Core  
  20  1:39  Probe (Chrono Boost)  
  21  1:40  Assimilator  
  21  1:49  Probe (Chrono Boost)  
  22  2:00  Probe (Chrono Boost)  
  23  2:10  Probe (Chrono Boost)  
  24  2:16  Stargate  
  24  2:21  Probe (Chrono Boost)  
  25  2:27  Pylon  
  25  2:31  Probe (Chrono Boost)  
  25  2:37  Gateway  
  25  2:42  Probe (Chrono Boost)  
  26  2:44  Adept  
  28  2:53  Probe (Chrono Boost)  
  30  3:06  Mothership Core (Chrono Boost)  
  30  3:07  Pylon  
  30  3:12  Oracle (Chrono Boost)  
  36  3:26  Probe  
Show
View Real Time Build Order
Export as new Build Order

NightShade Terran - Winner!

Build Orders:  

Get SALT Encoding   

  12  0:02  SCV  
  13  0:16  Supply Depot  
  13  0:41  Barracks  
  13  0:44  Barracks  
  13  0:57  Barracks  
  13  1:12  Barracks  
  13  1:27  Marine  
  14  1:34  Marine  
  15  1:42  Supply Depot  
  15  1:45  Marine x2  
  17  1:52  Marine  
  18  2:02  Marine  
  18  2:03  Marine  
  18  2:04  Marine  
  21  2:10  Marine  
  22  2:20  Marine  
  22  2:21  Marine  
  24  2:23  Marine  
  24  2:28  Marine  
  26  2:38  Marine  
  26  2:39  Marine  
  26  2:41  Marine  
  29  2:45  Marine  
  30  2:56  Marine  
  31  2:58  Supply Depot  
  31  3:20  Marine x4  
Tags
 
Matchup
PvT
Replay Pack
All Mines
Spawn Locations
Cross Positions
Add a new tag
Caveats
  • Supply blocks, unpowered buildings, or Contaminate may cause inaccurate times.
  • Supply counts are checked every 10 seconds.